Map: Blood Boil LE

Players

Cham

  • Race: Zerg Zerg
  • Spawn Location: 11:00

Elazer - Winner!

  • Race: Zerg Zerg
  • Spawn Location: 5:00

Event: WCS Jonkoping 2017

VOD

https://youtu.be/XyqOuCOz-eo

Description

Time

  • Played on: June 19, 2017, 7:50 a.m.
  • Length: 6:47

All games in this series

Show
View Real Time Build Order
Export as new Build Order

Cham Zerg 

Build Orders: Hatch First 

Get SALT Encoding   

  12  0:00  Unknown, Drone  
  13  0:08  Drone  
  14  0:17  Overlord  
  14  0:35  Drone  
  14  0:36  Drone x2  
  17  0:53  Hatchery  
  17  0:56  Drone  
  17  0:59  Drone  
  17  1:01  Extractor  
  17  1:15  Spawning Pool  
  17  1:18  Drone  
  17  1:22  Drone  
  18  1:30  Drone  
  19  1:41  Overlord  
  19  2:02  Queen, Metabolic Boost  
  19  2:03  Zergling x4  
  19  2:05  Zergling x2  
  24  2:21  Zergling x2  
  24  2:29  Zergling x4  
  15  2:46  Zergling x2  
  16  2:52  Zergling x2  
  16  2:57  Zergling x2  
  18  3:02  Zergling x2  
  19  3:08  Zergling x2  
  20  3:14  Zergling x2  
  21  3:25  Zergling x2  
  21  3:26  Zergling x2  
  22  3:30  Zergling x2  
  23  3:37  Zergling x2  
  24  3:41  Zergling x2  
  24  3:47  Zergling x2  
  24  3:56  Zergling x2  
  24  4:00  Zergling x2  
  24  4:05  Zergling x2  
  22  4:10  Zergling x2  
  20  4:18  Zergling x2  
  20  4:28  Drone x2  
  21  4:35  Drone  
  21  4:44  Drone  
  20  4:48  Drone  
  20  4:50  Drone  
  21  4:58  Drone  
  21  4:59  Drone  
  22  5:03  Drone  
  20  5:09  Drone  
  21  5:16  Drone x2  
  21  5:20  Spine Crawler  
  22  5:26  Drone x2  
  24  5:31  Evolution Chamber  
  24  5:33  Drone  
  24  5:37  Drone  
  25  5:43  Overlord  
  25  5:49  Overlord  
  25  5:54  Roach Warren  
  25  6:01  Drone x2  
  25  6:02  Drone  
  28  6:07  Overlord  
  28  6:12  Evolution Chamber  
  28  6:15  Evolution Chamber  
  26  6:20  Evolution Chamber  
  25  6:26  Evolution Chamber  
  24  6:34  Evolution Chamber  
  25  6:40  Evolution Chamber  
Show
View Real Time Build Order
Export as new Build Order

Elazer Zerg - Winner!

Build Orders: Pool First 

Get SALT Encoding   

  12  0:00  Unknown  
  12  0:17  Spawning Pool  
  11  0:22  Drone  
  11  0:27  Drone  
  13  0:33  Drone  
  14  0:41  Overlord  
  14  1:04  Zergling x4  
  14  1:05  Zergling x2  
  17  1:17  Hatchery  
  16  1:21  Zergling x2  
  17  1:27  Zergling x2  
  18  1:38  Zergling x2  
  19  1:40  Queen  
  21  1:49  Overlord  
  21  2:00  Drone  
  22  2:12  Drone  
  23  2:19  Queen  
  23  2:22  Drone  
  26  2:30  Drone  
  26  2:33  Drone  
  25  2:40  Drone  
  25  2:42  Queen  
  27  2:46  Drone  
  28  2:52  Drone x4  
  33  2:58  Drone  
  33  3:10  Overlord  
  33  3:13  Extractor, Drone x2  
  33  3:14  Extractor  
  33  3:18  Drone  
  34  3:23  Overlord  
  33  3:27  Drone  
  33  3:28  Drone  
  33  3:32  Zergling x4  
  33  3:33  Zergling x4  
  38  3:41  Zergling x2  
  38  3:42  Zergling x2  
  36  3:49  Queen  
  36  3:53  Zergling x4  
  35  4:03  Zergling x4  
  35  4:07  Zergling x4  
  34  4:20  Zergling x4  
  34  4:21  Zergling x2  
  35  4:30  Overlord  
  36  4:31  Drone  
  36  4:32  Drone  
  37  4:39  Drone  
  37  4:41  Drone  
  37  4:44  Metabolic Boost  
  39  4:51  Drone x2  
  41  4:57  Drone  
  41  4:59  Drone x2  
  43  5:01  Drone  
  43  5:04  Drone  
  45  5:13  Drone  
  46  5:15  Overlord  
  46  5:18  Evolution Chamber  
  45  5:28  Zergling x4  
  47  5:35  Zergling x4  
  48  5:39  Zergling x6  
  52  5:52  Drone  
  52  5:53  Roach Warren  
  52  5:54  Drone  
  52  5:56  Hatchery, Drone  
  53  5:59  Drone  
  53  6:01  Drone  
  53  6:04  Drone  
  56  6:14  Drone, Overlord  
  56  6:15  Drone  
  58  6:21  Drone  
  58  6:26  Drone x2  
  58  6:27  Drone  
  58  6:30  Extractor  
  58  6:31  Drone  
  58  6:32  Drone  
  61  6:33  Drone  
Tags
 
Add a new tag
Caveats
  • Supply blocks, unpowered buildings, or Contaminate may cause inaccurate times.
  • Supply counts are checked every 10 seconds.